 Dungeon Crawl Stone Soup version 0.22.0-78-g6c94d2c (webtiles) character file.

221 MalarOregon the Chopper (level 5, -2/47 HPs)
             Began as a Hill Orc Fighter on Sept 16, 2018.
             Slain by Ymberto's ghost (3 damage)
             ... on level 2 of the Dungeon.
             The game lasted 00:04:26 (2474 turns).

MalarOregon the Chopper (Hill Orc Fighter)          Turns: 2474, Time: 00:04:26

Health: -2/47      AC:  9    Str: 18 (19) XL:     5   Next: 98%
Magic:  5/5        EV:  7    Int:  6 (9)  God:
Gold:   92         SH:  9    Dex:  7 (10) Spells: 4/4 levels left

rFire    . . .     SeeInvis .   a - +0 war axe
rCold    . . .     Gourm    .   c - +0 shield
rNeg     . . .     Faith    .   b - +0 scale mail
rPois    .         Spirit   .   l - +0 helmet (curse)
rElec    .         Reflect  .   (no cloak)
rCorr    .         Harm     .   m - +0 pair of gloves
MR       .....                  (no boots)
Stlth    ..........             (no amulet)
HPRegen  0.15/turn              (no ring)
MPRegen  0.09/turn              (no ring)

@: no status effects
A: no striking features
a: no special abilities


You were on level 2 of the Dungeon.
You were hungry.

You visited 1 branch of the dungeon, and saw 3 of its levels.

You collected 92 gold pieces.

Inventory:

Hand Weapons
 a - a +0 war axe (weapon)
Armour
 b - a +0 scale mail (worn)
 c - a +0 shield (worn)
 l - a cursed +0 helmet (worn)
 m - a +0 pair of gloves (worn)
Jewellery
 r - an uncursed ring of wizardry {unknown}
Scrolls
 e - 2 scrolls of teleportation {unknown}
 h - a scroll of enchant weapon {unknown}
 i - a scroll of amnesia {unknown}
 j - 2 scrolls of immolation {unknown}
 k - 2 scrolls of fog {unknown}
 q - a scroll of enchant armour {unknown}
 t - a scroll of identify {unknown}
Potions
 d - a potion of might
 n - a potion of cancellation {unknown}
 o - 3 potions of degeneration
 p - 3 potions of curing {unknown}
 s - a potion of flight {unknown}
Comestibles
 f - 6 rations


   Skills:
 + Level 4.5 Fighting
 * Level 5.0 Axes
 + Level 4.2 Armour
 * Level 4.8 Shields


You had 4 spell levels left.
You didn't know any spells.
Your spell library was empty.

Dungeon Overview and Level Annotations

Branches:
Dungeon (3/15)

Altars:
Cheibriados

Annotations:
D:2 Jaiteiro's ghost, amateur GrFi; Ymberto's ghost, amateur NaTm
D:3 Sigmund


Message History

You completely miss Ymberto's ghost.
You are feeling hungry.
Ymberto's ghost hits you.
* * * LOW HITPOINT WARNING * * *
Ymberto's ghost burns you.
* * * LOW HITPOINT WARNING * * *
You block Jaiteiro's ghost's attack.
You hit Jaiteiro's ghost.
Jaiteiro's ghost is severely damaged.
You hit Ymberto's ghost but do no damage.
You block Ymberto's ghost's attack. Jaiteiro's ghost hits you!
* * * LOW HITPOINT WARNING * * *
Ymberto's ghost hits you but does no damage.
It was a potion of degeneration.
There was something very wrong with that liquid.
You feel weakened.
You feel dopey.
You feel clumsy. Jaiteiro's ghost hits you!
* * * LOW HITPOINT WARNING * * *
Ymberto's ghost hits you.
You die...

########.....#####
.................#
####..##.....###.#
#..##.#.#.# #.# #
#..##.#.#.# #.# #
#..##.#.#.# #.#
####.......#.# #.#
.........###.# #W#
#####.#### #.# #@#
#.# #.# #W#
#####.######.###.#
..(..............#
##################


You could see Jaiteiro's ghost and Ymberto's ghost.

Vanquished Creatures
  A crimson imp (D:3)
  Jessica (D:3)
  Terence (D:1)
  A worker ant (D:2)
  3 adders (D:3)
  An ooze (D:1)
  4 worms
  A dart slug (D:3)
  7 orcs (D:3)
  A giant cockroach (D:2)
  7 goblins
  9 hobgoblins
  8 jackals (D:3)
  A kobold (D:2)
  A quokka (D:3)
  9 bats
  3 frilled lizards
  5 rats
64 creatures vanquished.

Vanquished Creatures (others)
  3 withered plants (D:3)
3 creatures vanquished.

Grand Total: 67 creatures vanquished

Notes
Turn   | Place    | Note
-------+----------+-------------------------------------------
     0 | D:1      | MalarOregon the Hill Orc Fighter began the quest for the
                  | Orb.
     0 | D:1      | Reached XP level 1. HP: 19/19 MP: 1/1
     6 | D:1      | Noticed an iguana
     6 | D:1      | Noticed a worker ant
     7 | D:1      | Noticed a yaktaur
   236 | D:1      | Reached skill level 3 in Axes
   267 | D:1      | Reached XP level 2. HP: 27/27 MP: 2/2
   982 | D:2      | Noticed Terence
   997 | D:1      | Killed Terence
   997 | D:1      | Reached XP level 3. HP: 19/33 MP: 3/3
  1224 | D:2      | Found a snail-covered altar of Cheibriados.
  1296 | D:2      | Reached XP level 4. HP: 40/40 MP: 4/4
  1338 | D:2      | Reached skill level 4 in Axes
  1717 | D:3      | Noticed Jessica
  1724 | D:3      | Killed Jessica
  1724 | D:3      | Reached XP level 5. HP: 37/47 MP: 5/5
  1982 | D:3      | Found a runed gate.
  1982 | D:3      | Found a runed gate.
  1987 | D:3      | Noticed Ymberto's ghost (amateur NaTm)
  1987 | D:3      | Noticed Jaiteiro's ghost (amateur GrFi)
  2000 | D:3      | Reached skill level 5 in Axes
  2008 | D:3      | Found a runed gate.
  2452 | D:3      | Noticed Sigmund
  2474 | D:2      | HP: 1/47 [Jaiteiro's ghost (7)]
  2474 | D:2      | Slain by Ymberto's ghost

Skill      XL: |  1  2  3  4  5 |
---------------+----------------+-----
Axes           | 3 4 5 |  5.0
Fighting       | 4 |  4.5
Shields        | 4 |  4.8
Armour         | 4 |  4.2

Action                   |  1- 3 |  4- 6 || total
-------------------------+-------+-------++-------
Melee: War axe           |    77 |   160 ||   237
  Use: Potion            |       |     1 ||     1
  Eat: Chunk             |     1 |     4 ||     5
Armor: Scale mail        |    28 |    87 ||   115
Dodge: Dodged            |    19 |    57 ||    76
Block: Shield            |    40 |    88 ||   128
